Map: Echo LE (Void)

Players

smokjail - Winner!

  • Race: Zerg Zerg
  • League: Diamond
  • Spawn Location: 11:00

Musumeci

  • Race: Zerg Zerg
  • League: Diamond
  • Spawn Location: 5:00

VOD

Have the link to the VOD?

Description

Time

  • Played on: Jan. 9, 2017, 8:59 a.m.
  • Length: 9:42
Show
View Real Time Build Order
Export as new Build Order

smokjail Zerg - Winner!

Build Orders: Hatch First, Zergling Baneling 

Get SALT Encoding   

  12  0:07  Overlord  
  12  0:13  Drone  
  13  0:17  Drone  
  14  0:26  Drone  
  15  0:30  Drone  
  16  0:40  Drone  
  17  0:51  Drone  
  18  0:57  Hatchery  
  18  0:59  Extractor  
  18  1:02  Drone  
  17  1:17  Spawning Pool  
  17  1:18  Extractor  
  16  1:22  Extractor  
  16  1:25  Drone x2  
  17  1:34  Drone  
  19  1:43  Extractor  
  18  1:47  Drone  
  19  1:55  Overlord  
  19  2:04  Queen  
  19  2:08  Zergling x2  
  22  2:09  Zergling x2, Baneling Nest  
  22  2:14  Queen  
  24  2:17  Zergling x2  
  24  2:21  Drone  
  26  2:27  Drone  
  27  2:31  Drone  
  28  2:39  Metabolic Boost  
  28  2:41  Drone  
  29  2:47  Queen  
  31  2:52  Baneling  
  31  2:58  Drone x2  
  33  3:00  Drone  
  33  3:01  Drone  
  33  3:05  Drone  
  36  3:13  Baneling  
  36  3:14  Evolution Chamber  
  36  3:16  Overlord  
  35  3:20  Drone  
  36  3:42  Zergling x6  
  36  3:43  Zergling x6  
  42  3:54  Overlord x2  
  41  3:58  Lair  
  41  4:01  Zerg Melee Weapons Level 1  
  41  4:02  Baneling x3  
  41  4:03  Baneling  
  41  4:04  Baneling  
  40  4:12  Extractor  
  40  4:14  Extractor  
  35  4:26  Zergling x2  
  35  4:27  Zergling x12  
  35  4:28  Drone  
  35  4:30  Drone  
  40  4:41  Zergling x6  
  40  4:42  Zergling x2  
  44  4:45  Baneling  
  44  4:46  Baneling x3  
  44  4:47  Baneling  
  44  4:49  Baneling  
  44  4:51  Drone  
  45  5:01  Drone  
  45  5:02  Drone x3  
  45  5:03  Drone  
  50  5:11  Drone x2  
  51  5:22  Baneling x5  
  46  5:35  Baneling  
  46  5:36  Baneling x4  
  46  5:38  Zergling x8  
  49  5:46  Zergling x6  
  49  5:49  Spine Crawler x2  
  44  6:05  Zergling x2  
  44  6:06  Zergling x12  
  44  6:14  Zergling x2  
  44  6:15  Zergling x2  
  44  6:18  Drone  
  47  6:19  Spire  
  47  6:20  Drone  
  47  6:22  Baneling  
  47  6:34  Baneling x5  
  47  6:35  Drone x2  
  49  7:01  Drone x3  
  52  7:02  Overlord x4  
  51  7:20  Overlord x2  
  51  7:21  Overlord  
  51  7:27  Zergling x6  
  51  7:28  Zergling x2  
  52  7:46  Baneling x2  
  52  7:47  Mutalisk, Baneling x4  
  52  7:48  Mutalisk x2  
  52  7:49  Mutalisk  
  60  7:55  Mutalisk  
  62  7:59  Mutalisk  
  62  8:01  Mutalisk  
  66  8:06  Mutalisk  
  67  8:13  Mutalisk  
  67  8:15  Mutalisk  
  68  8:31  Mutalisk x2  
  68  8:33  Mutalisk  
  74  8:45  Zergling x10  
  78  8:50  Zergling x4  
  77  8:57  Zergling x6  
  79  9:04  Baneling  
  79  9:05  Baneling x5  
  79  9:11  Baneling x4  
  79  9:13  Drone  
  79  9:14  Drone  
  81  9:20  Zergling x4  
  81  9:22  Baneling x2  
Show
View Real Time Build Order
Export as new Build Order

Musumeci Zerg 

Build Orders: Pool First 

Get SALT Encoding   

  12  0:08  Drone x2  
  14  0:19  Drone, Extractor  
  15  0:26  Overlord  
  15  0:39  Spawning Pool  
  14  0:46  Drone x2  
  16  0:53  Drone  
  16  0:54  Extractor  
  16  1:09  Evolution Chamber  
  15  1:21  Evolution Chamber  
  15  1:24  Hatchery  
  14  1:30  Queen  
  17  1:51  Drone x3  
  20  2:03  Zergling x2  
  21  2:15  Evolution Chamber  
  21  2:18  Zergling x2  
  21  2:24  Zergling x2  
  23  2:35  Overlord  
  23  2:37  Queen  
  23  2:38  Zergling x2  
  23  2:40  Metabolic Boost  
  26  2:47  Zergling x4  
  28  3:08  Baneling Nest  
  28  3:09  Zergling x10  
  32  3:24  Zergling x8  
  36  3:54  Baneling x2  
  35  4:12  Zergling x2  
  23  4:30  Baneling x2  
  23  4:31  Zergling x18  
  31  4:41  Evolution Chamber  
  30  4:49  Baneling  
  30  4:50  Zergling x10  
  35  5:01  Zergling x2  
  35  5:03  Baneling x2, Overlord  
  35  5:05  Overlord  
  35  5:16  Baneling x2  
  35  5:27  Baneling x3  
  29  5:45  Baneling  
  29  5:46  Baneling, Zergling x16  
  29  6:11  Zergling x12  
  29  6:18  Zerg Ground Armor Level 1  
  34  6:25  Baneling x2  
  34  6:32  Zergling x4  
  34  6:35  Baneling x2  
  34  6:40  Baneling  
  34  6:42  Zergling x2  
  31  7:00  Zergling x10  
  36  7:04  Drone  
  30  7:16  Zergling x6  
  33  7:23  Baneling x2  
  33  7:28  Baneling x2  
  33  7:31  Drone x2  
  35  7:46  Zergling x8  
  39  8:00  Drone x2  
  41  8:23  Drone x7  
  34  8:58  Zergling x24  
  34  8:59  Zergling x2  
  45  9:15  Spore Crawler  
  45  9:16  Spore Crawler  
  43  9:19  Zergling x2  
  43  9:23  Spore Crawler x2  
  38  9:26  Spore Crawler  
  38  9:30  Spore Crawler  
Tags
 
Add a new tag
Caveats
  • Supply blocks, unpowered buildings, or Contaminate may cause inaccurate times.
  • Supply counts are checked every 10 seconds.